 Dungeon Crawl Stone Soup version 0.31.0-9-g3a7656b989 (webtiles) character file.

Game seed: 7815415332212405624

494 qw the Skirmisher (level 6, -1/37 HPs)
             Began as a Deep Elf Hunter on Feb 2, 2024.
             Slain by Edmund
             ... wielding a +1 flail of protection
              (6 damage)
             ... on level 4 of the Dungeon.
             The game lasted 00:00:12 (3101 turns).

qw the Skirmisher (Deep Elf Hunter)                 Turns: 3101, Time: 00:00:13

Health: -1/37      AC:  8    Str: 10    XL:     6   Next: 92%
Magic:  8/8        EV: 11    Int: 14    God:
Gold:   171        SH:  0    Dex: 18    Spells: 5/5 levels left

rFire   . . .        a - +0 shortbow
rCold   . . .        (shield currently unavailable)
rNeg    . . .        f - +0 ring mail
rPois   .            g - +0 helmet
rElec   .            (no cloak)
rCorr   .            i - +1 pair of gloves
SInv    .            (no boots)
Will    .....        (no amulet)
Stlth   +            (no ring)
HPRegen 0.26/turn    (no ring)
MPRegen 0.11/turn

%: no passive effects
@: no status effects
A: no striking features
a: no special abilities


You were on level 4 of the Dungeon.
You visited 1 branch of the dungeon, and saw 4 of its levels.

You collected 171 gold pieces.


   Skills:
 - Level 3.4 Fighting
 + Level 9.4 Ranged Weapons
 - Level 1.3 Armour
 - Level 2.4 Dodging
 - Level 1.2 Stealth


You had 5 spell levels left.
You didn't know any spells.
Your spell library was empty.

Inventory:

Hand Weapons
 a - a +0 shortbow (weapon)
Armour
 f - a +0 ring mail (worn)
 g - a +0 helmet (worn)
 i - a +1 pair of gloves (worn)
Jewellery
 l - a +6 ring of strength
Wands
 m - a wand of flame (12)
Potions
 b - a potion of resistance {unknown}
 c - 2 potions of curing
 d - a potion of lignification {unknown}
 e - a potion of might {unknown}
 h - a potion of ambrosia {unknown}
 j - a potion of attraction {unknown}
 k - a potion of haste {unknown}
 p - a potion of mutation {unknown}

Dungeon Overview and Level Annotations

Branches:
Dungeon (4/15)
 Temple: D:4-7

Altars:
Fedhas
Gozag
Sif Muna
Vehumet
Wu Jian

Annotations:
D:3 3 runed translucent doors, qw's ghost, amateur DEHu
D:4 Edmund


Message History

Edmund asks, "Have you met my wondrous brother?"
Edmund barely misses you.
You shoot an arrow.
The arrow hits Edmund but does no damage.
Edmund is lightly wounded.
Edmund hits you with a +1 flail of protection.
You shoot an arrow. The arrow hits Edmund!
Edmund is moderately wounded.
Edmund hits you with a +1 flail of protection.
You shoot an arrow.
The arrow hits Edmund but does no damage.
Edmund is moderately wounded.
Edmund hits you with a +1 flail of protection!
You shoot an arrow. The arrow hits Edmund.
Edmund is moderately wounded.
Edmund hits you with a +1 flail of protection.
You shoot an arrow.
The arrow hits Edmund but does no damage.
Edmund is moderately wounded.
Edmund closely misses you.
You shoot an arrow. The arrow barely misses Edmund.
Edmund hits you but does no damage.
You shoot an arrow.
The arrow hits Edmund but does no damage.
Edmund is moderately wounded.
Edmund hits you but does no damage.
You shoot an arrow.
The arrow hits Edmund but does no damage.
Edmund is moderately wounded.
Edmund hits you but does no damage.
You shoot an arrow.
The arrow hits Edmund but does no damage.
Edmund is moderately wounded.
Edmund hits you with a +1 flail of protection.
Edmund barely misses you.
You shoot an arrow. The arrow closely misses Edmund.
Edmund grinds his teeth, and then sighs.
Edmund hits you with a +1 flail of protection.
You die...
Edmund says, "I'd like to see a scythe do that!"

#.# #.# ~ #.# .~
#######.############ ..[
....................
P.P.#######.############
............######## ##
.PPP..@............. ..
..#..@..########## ##
#.###.# # #.# #.# #.#
#.# #.. ###


You could see Edmund.

Vanquished Creatures
  Sigmund (D:4)
  2 scorpions (D:4)
  Terence (D:3)
  An orc wizard (D:3)
  3 gnolls (D:2)
  6 adders
  2 dart slugs
  5 orcs (D:3)
  5 bats
  5 endoplasms
  2 giant cockroaches
  6 goblins
  7 hobgoblins
  6 quokkas
  8 ball pythons
  3 frilled lizards
  5 kobolds
  6 rats
74 creatures vanquished.

Notes
Turn   | Place    | Note
-------+----------+-------------------------------------------
     0 | D:1      | qw the Deep Elf Hunter began the quest for the Orb.
     0 | D:1      | Reached XP level 1. HP: 12/12 MP: 3/3
     0 | D:1      | 0 ||| qw: Version: 0.3-a-155-g5e7d8dd
     0 | D:1      | 0 ||| qw: Game counter: 2829
     0 | D:1      | 0 ||| qw: Melee chars always use a shield: true
     0 | D:1      | 0 ||| qw: God list: Okawaru
     0 | D:1      | 0 ||| qw: Allow faded altars: false
     0 | D:1      | 0 ||| qw: Do Orc after clearing Dungeon:15 true
     0 | D:1      | 0 ||| qw: Do second Lair branch before Depths: true
     0 | D:1      | 0 ||| qw: Lair rune preference: random
     0 | D:1      | 0 ||| qw: Goals: Normal
     0 | D:1      | 0 ||| PLANNING D:1-11
   134 | D:1      | Reached skill level 6 in Ranged Weapons
   134 | D:1      | Reached XP level 2. HP: 16/16 MP: 4/4
   135 | D:1      | You fall into a shaft and drop 1 floor!
   167 | D:2      | 167 ||| UPGRADING to +0 ring mail.
   177 | D:2      | 177 ||| DROPPING +0 leather armour.
   178 | D:2      | 178 ||| UPGRADING to +0 helmet.
   183 | D:2      | 183 ||| DROPPING scroll of butterflies.
   337 | D:1      | Reached XP level 3. HP: 17/20 MP: 5/5
   608 | D:1      | 608 ||| UPGRADING to +0 pair of gloves.
   613 | D:1      | 613 ||| READING scroll labelled UKACAE MAMETT.
   614 | D:1      | 614 ||| READING scroll labelled CUTZYN ZOKOUNIYROL.
   773 | D:2      | Found a faded altar of an unknown god.
   861 | D:2      | 861 ||| RETREEEEATING.
   864 | D:2      | 864 ||| RETREEEEATING.
   868 | D:2      | 868 ||| RETREEEEATING.
   870 | D:2      | 870 ||| RETREEEEATING.
   872 | D:2      | Reached skill level 7 in Ranged Weapons
   877 | D:2      | Reached XP level 4. HP: 9/25 MP: 6/6
  1446 | D:2      | Reached skill level 8 in Ranged Weapons
  1508 | D:2      | 1508 ||| DROPPING scarf of invisibility.
  1509 | D:2      | 1509 ||| READING 2 scrolls labelled CYRO AZOLIGH.
  1510 | D:2      | 1510 ||| READING scroll labelled DUIH SAICSEEWN.
  1513 | D:2      | 1513 ||| READING scroll labelled DOALAUBL BAEMO.
  1513 | D:2      | 1513 ||| ENCHANTING +0 pair of gloves.
  1514 | D:2      | 1514 ||| READING scroll labelled ETOTWIRIRE.
  1515 | D:2      | 1515 ||| READING scroll labelled WYSATUKINA.
  1515 | D:2      | 1515 ||| IDENTIFYING metallic brown potion
  1516 | D:2      | 1516 ||| DROPPING scroll of revelation.
  1549 | D:3      | Noticed Terence
  1562 | D:3      | Killed Terence
  1644 | D:3      | Reached XP level 5. HP: 29/29 MP: 7/7
  1650 | D:3      | Found a blossoming altar of Fedhas.
  1658 | D:3      | 1658 ||| READING scroll labelled ERYKA MIYZU.
  1660 | D:3      | 1660 ||| Stepping ~*~*~tactically~*~*~ (cloud).
  1675 | D:3      | 1675 ||| FLEEEEING.
  1676 | D:3      | 1676 ||| FLEEEEING.
  1677 | D:3      | 1677 ||| FLEEEEING.
  1678 | D:3      | 1678 ||| FLEEEEING.
  1681 | D:3      | 1681 ||| FLEEEEING.
  1682 | D:3      | 1682 ||| FLEEEEING.
  1683 | D:3      | 1683 ||| FLEEEEING.
  1684 | D:3      | 1684 ||| FLEEEEING.
  1685 | D:3      | 1685 ||| FLEEEEING.
  1686 | D:3      | 1686 ||| FLEEEEING.
  1687 | D:3      | 1687 ||| FLEEEEING.
  1688 | D:3      | 1688 ||| FLEEEEING.
  1689 | D:3      | 1689 ||| FLEEEEING.
  1690 | D:3      | 1690 ||| FLEEEEING.
  1691 | D:3      | 1691 ||| FLEEEEING.
  1693 | D:3      | 1693 ||| STAIRDANCE
  1777 | D:3      | Found a shimmering blue altar of Sif Muna.
  1777 | D:3      | Found an ornate altar of the Wu Jian Council.
  1977 | D:3      | Found a faded altar of an unknown god.
  1994 | D:3      | Found a runed translucent gate.
  1994 | D:3      | Found a runed translucent gate.
  1994 | D:3      | Found a runed translucent gate.
  1999 | D:3      | Noticed qw's ghost (amateur DEHu)
  2396 | D:3      | Found a radiant altar of Vehumet.
  2399 | D:3      | Reached skill level 9 in Ranged Weapons
  2562 | D:3      | 2562 ||| READING scroll labelled QUDI WOF ZIO.
  2594 | D:4      | Noticed Sigmund
  2607 | D:4      | HP: 4/30 [something (8)]
  2611 | D:4      | Killed Sigmund
  2612 | D:4      | Reached skill level 3 in Fighting
  2612 | D:4      | Reached XP level 6. HP: 4/37 MP: 8/8
  2814 | D:4      | Found an opulent altar of Gozag.
  2879 | D:4      | Reached skill level 1 in Armour
  3079 | D:4      | Noticed Edmund
  3095 | D:4      | HP: 8/37 [Edmund/+1 flail of protection (2)]
  3100 | D:4      | HP: 4/37 [Edmund/+1 flail of protection (5)]
  3101 | D:4      | Slain by Edmund

Levels and vault maps discovered:
D:1:      heliophobic_arrival_battle_scene, layout_basic
D:2:      layout_basic, ebering_ecumenical_altar_mist
D:3:      layout_basic, nicolae_overflow_ecumenical_swirl,
          mainiacjoe_overflow_boulevard, vehumet_altar_wand_db,
          nicolae_overflow_two_pavilions, serial_glass, glass_columns_a,
          glass_columns_c, gammafunk_ghost_split, hangedman_decor_push,
          uniq_terence
D:4:      layout_basic, grunt_gozag_breadcrumbs, guppyfry_early_lair_pool,
          uniq_edmund, uniq_eustachio, uniq_blork_the_orc, uniq_sigmund

Skill      XL: |  1  2  3  4  5  6 |
---------------+-------------------+-----
Ranged Weapons | 6 7 8 9 |  9.4
Fighting       | 3 |  3.4
Armour         | 1 |  1.3
Dodging        | |  2.4
Stealth        | |  1.2

Action                     |  1- 3 |  4- 6 || total
---------------------------+-------+-------++-------
   Fire: Shortbow          |    84 |   179 ||   263
    Use: Scroll            |     2 |     7 ||     9
 Armour: Ring mail         |    17 |    71 ||    88
  Dodge: Dodged            |    18 |    37 ||    55

Table legend:
 A = Non-vault XP
 B = Vault XP
 C = Vault XP percentage of total XP
 D = Non-vault monster count
 E = Vault monster count
 F = Vault count percentage of total count
                 A         B        C        D         E       F
            +---------+---------+-------+---------+---------+-------
      Total |     416 |     291 |  41.2 |      70 |       4 |   5.4
            +---------+---------+-------+---------+---------+-------
        D:1 |      34 |       0 |   0.0 |      19 |       0 |   0.0
        D:2 |     118 |       0 |   0.0 |      30 |       0 |   0.0
        D:3 |      94 |      38 |  28.8 |      17 |       2 |  10.5
        D:4 |     170 |     253 |  59.8 |       4 |       2 |  33.3
            +---------+---------+-------+---------+---------+-------
